 Dungeon Crawl Stone Soup version 0.26.0-15-gc6cd9f700b (webtiles) character file.

Game seed: 503717426556452511

322 dolemite99 the Cudgeller (level 6, -3/44 HPs)
             Began as a Demonspawn Wanderer on Jan 16, 2021.
             Was an Initiate of Gozag.
             Slain by a mummy (7 damage)
             ... in an ossuary.
             The game lasted 00:07:16 (3654 turns).

dolemite99 the Cudgeller (Demonspawn Wanderer)      Turns: 3654, Time: 00:07:16

Health: -3/44      AC:  6    Str: 12    XL:     6   Next: 22%
Magic:  7/7        EV:  9    Int: 13    God:    Gozag
Gold:   38         SH:  4    Dex: 15    Spells: 7/7 levels left

rFire    . . .     SeeInvis .   a - +2 mace
rCold    . . .     Faith    .   c - +0 buckler
rNeg     . . .     Spirit   .   i - +0 ring mail
rPois    .         Reflect  .   y - +1 hat
rElec    .         Harm     .   (no cloak)
rCorr    .         Rampage  .   (no gloves)
Will     .....                  (no boots)
Stlth    +.........             (no amulet)
HPRegen  0.14/turn              (no ring)
MPRegen  0.10/turn              (no ring)

@: gold aura, hasted, very quick
A: horns 2, powered by pain 2
a: Renounce Religion, Potion Petition, Call Merchant, Bribe Branch


You were in an ossuary.
You worshipped Gozag.
Gozag was noncommittal.
You visited 1 branch of the dungeon, and saw 4 of its levels.
You also visited: Ossuary.

You collected 462 gold pieces.
You spent 372 gold pieces at shops.
You paid 52 gold pieces to Gozag.

Inventory:

Hand Weapons
 a - a +2 mace (weapon)
 q - a +0 dire flail
 r - a +0 hunting sling
 B - a +2 trident of venom
Missiles
 e - 235 stones (quivered)
 j - 6 javelins
 m - 6 curare-tipped darts
 t - 21 arrows
 v - 20 sling bullets
Armour
 c - a +0 buckler (worn)
 i - a +0 ring mail (worn)
 y - a +1 hat (worn)
Jewellery
 s - an uncursed ring of poison resistance {unknown}
Wands
 b - a wand of flame (46)
 z - a wand of paralysis (7)
 A - a wand of enslavement (9)
Scrolls
 g - 4 scrolls of teleportation {unknown}
 h - a scroll of immolation {unknown}
 u - a scroll of amnesia {unknown}
 x - a scroll of identify {unknown}
Potions
 d - a potion of haste
 f - a potion of magic {unknown}
 k - a potion of flight {unknown}
 l - a potion of curing {unknown}
 n - a potion of mutation {unknown}
 o - a potion of berserk rage {unknown}
 p - a potion of attraction {unknown}
 w - a potion of brilliance {unknown}


   Skills:
 - Level 2.0 Fighting
 - Level 6.3 Maces & Flails
 - Level 1.0 Throwing
 - Level 1.0 Shields
 - Level 1.0 Spellcasting
 - Level 2.1 Necromancy
 + Level 1.1 Evocations


You had 7 spell levels left.
You didn't know any spells.
Your spell library was empty.

Dungeon Overview and Level Annotations

Branches:
Dungeon (4/15)            Ossuary (1/1)
 Temple: D:4-7

Altars:
Gozag

Shops:
D:4 }


Innate Abilities, Weirdness & Mutations

You have a pair of horns on your head.
You sometimes gain power by taking damage.


Message History

The mummy barely misses you.
The hobgoblin zombie hits you but does no damage.
You hit the mummy but do no damage. Your headbutt misses the mummy.
You block the orc zombie's attack. The hobgoblin zombie barely misses you.
You sock the hobgoblin zombie!
You destroy the hobgoblin zombie!
The mummy hits you! The elf zombie hits you.
* * * LOW HITPOINT WARNING * * *
The orc zombie hits you.
* * * LOW HITPOINT WARNING * * *
You hit the mummy but do no damage. You headbutt the mummy.
The mummy is lightly damaged.
You block the hobgoblin zombie's attack.
You sock the elf zombie!
The elf zombie is lightly damaged.
The elf zombie hits you.
* * * LOW HITPOINT WARNING * * *
The orc zombie closely misses you. The mummy hits you!
You die...
Your body crumbles into a pile of gold.

#### # .#.#.#.
##### .......
##...## .......
##.....###.......
#......Z@M.......
#..∩.∩.ZZZ.......
#................
##.....###.......
##...## .......
##### .......
.#.#.#. ######


You could see a mummy, a hobgoblin zombie, 2 orc zombies and an elf zombie.

Vanquished Creatures
  Blork the orc (D:4)
  A scorpion (D:4)
  A centaur zombie (Ossuary)
  Ijyb (D:3)
  5 adders
  3 oozes
  A worm (D:2)
  2 dart slugs (D:2)
  3 leopard geckos
  4 orcs
  A ball python (D:3)
  7 giant cockroaches
  10 goblins
  9 hobgoblins
  4 jackals (D:1)
  5 kobolds
  A quokka (D:3)
  4 bats
  2 frilled lizards
  A hobgoblin zombie (Ossuary)
  An orc zombie (Ossuary)
  11 rats
78 creatures vanquished.

Notes
Turn   | Place    | Note
-------+----------+-------------------------------------------
     0 | D:1      | dolemite99 the Demonspawn Wanderer began the quest for the
                  | Orb.
     0 | D:1      | dolemite99 set off with the following items: a +2 mace, a
                  | potion of lignification, a +0 buckler, a +0 robe
     0 | D:1      | Reached XP level 1. HP: 16/16 MP: 2/2
    82 | D:1      | Reached skill level 3 in Maces & Flails
   184 | D:1      | Gained mutation: You have a pair of small horns on your
                  | head. [demonic ancestry]
   184 | D:1      | Reached XP level 2. HP: 17/22 MP: 3/3
   836 | D:1      | Gained mutation: You have a pair of horns on your head.
                  | [demonic ancestry]
   836 | D:1      | Reached XP level 3. HP: 27/27 MP: 4/4
  1025 | D:2      | Reached skill level 4 in Maces & Flails
  1219 | D:2      | Found an opulent altar of Gozag.
  1223 | D:2      | Became a worshipper of Gozag Ym Sagoz the Greedy
  1412 | D:2      | Gained mutation: You sometimes gain a little power by
                  | taking damage. [demonic ancestry]
  1412 | D:2      | Reached XP level 4. HP: 28/33 MP: 5/5
  2001 | D:3      | Noticed Ijyb
  2029 | D:3      | Killed Ijyb
  2397 | D:3      | Reached skill level 5 in Maces & Flails
  2789 | D:3      | Gained mutation: You sometimes gain power by taking damage.
                  | [demonic ancestry]
  2789 | D:3      | Reached XP level 5. HP: 34/38 MP: 6/6
  3565 | D:4      | Found Ammiwn's Gadget Shoppe.
  3602 | D:4      | Bought a wand of flame (14) for 96 gold pieces
  3602 | D:4      | Bought a wand of paralysis (10) for 144 gold pieces
  3602 | D:4      | Bought a wand of enslavement (9) for 132 gold pieces
  3604 | D:4      | Noticed Blork the orc
  3607 | D:4      | Found a sand-covered staircase.
  3617 | D:4      | Killed Blork the orc
  3618 | D:4      | Reached skill level 6 in Maces & Flails
  3618 | D:4      | Reached XP level 6. HP: 32/44 MP: 7/7
  3631 | Ossuary  | Entered an ossuary
  3648 | Ossuary  | Reached skill level 1 in Evocations
  3654 | Ossuary  | Slain by a mummy

Illustrated notes

Levels and vault maps discovered:
D:1:      lightli_arrival_boilingwater, layout_loops_ring, minmay_pentomino_x2
D:2:      layout_basic, marbit_many_paths, grunt_decor_mini_mirrors,
          minmay_goblin_outpost
D:3:      layout_loops_ring, hangedman_abyss_or_decor_lesser_grid,
          minmay_large_rounded_square, uniq_ijyb
D:4:      layout_rooms, serial_shops, kennysheep_mini_moat,
          lightli_ossuary_entry_decrepit_ruins, minmay_misc_feat_rows,
          uniq_blork_the_orc
Ossuary:  minmay_ossuary_gauntlet

Skill      XL: |  1  2  3  4  5  6 |
---------------+-------------------+-----
Maces & Flails | 3 4 5 6 |  6.3
Evocations     | 1 |  1.1
Fighting       | |  2.0
Throwing       | |  1.0
Shields        | |  1.0
Spellcasting   | |  1.0
Necromancy     | |  2.1

Action                   |  1- 3 |  4- 6 || total
-------------------------+-------+-------++-------
Melee: Mace              |    96 |   118 ||   214
       Headbutt          |     8 |    18 ||    26
Throw: Stone             |       |     2 ||     2
Evoke: Wand              |       |     3 ||     3
  Use: Scroll            |     1 |       ||     1
       Potion            |       |     3 ||     3
 Stab: Sleeping          |     1 |       ||     1
       Distracted        |       |     1 ||     1
       Paralysed         |       |     7 ||     7
Armor: Robe              |     4 |       ||     4
       Ring mail         |    31 |    40 ||    71
       Skin              |       |     6 ||     6
Dodge: Dodged            |    37 |    62 ||    99
Block: Buckler           |    34 |    20 ||    54
